 Dungeon Crawl Stone Soup version 0.29.1-1-gd02db6906a (webtiles) character file.

Game seed: 15908899081098980597

28 Aibolit the Trooper (level 3, -2/33 HPs)
             Began as a Hill Orc Fighter on Oct 8, 2022.
             Was a Follower of Qazlal.
             Slain by Terence
             ... wielding a +2 trident of protection
              (8 damage)
             ... on level 2 of the Dungeon.
             The game lasted 00:01:23 (901 turns).

Aibolit the Trooper (Hill Orc Fighter)               Turns: 901, Time: 00:01:24

Health: -2/33      AC:  6    Str: 20    XL:     3   Next: 14%
Magic:  12/12      EV:  9    Int:  8    God:    Qazlal [*.....]
Gold:   22         SH:  6    Dex: 10    Spells: 2/2 levels left

rFire   . . .      SeeInvis .   a - +0 war axe
rCold   . . .      Faith    .   c - +0 buckler
rNeg    . . .      Spirit   .   b - +0 scale mail
rPois   .          Reflect  .   (no helmet)
rElec   .          Harm     .   (no cloak)
rCorr   .          Rampage  .   (no gloves)
Will    .....                   (no boots)
Stlth   ..........              (no amulet)
HPRegen 0.11/turn               i - ring of magical power
MPRegen 0.13/turn               (no ring)

@: mighty
A: no striking features
a: Renounce Religion


You were on level 2 of the Dungeon.
You worshipped Qazlal.
Qazlal was aware of your devotion.
You visited 1 branch of the dungeon, and saw 2 of its levels.

You collected 22 gold pieces.

Inventory:

Hand Weapons
 a - a +0 war axe (weapon)
Armour
 b - a +0 scale mail (worn)
 c - a +0 buckler (worn)
Jewellery
 i - a ring of magical power (left hand)
Scrolls
 e - a scroll of noise {unknown}
 f - 2 scrolls of fear {unknown}
 j - a scroll of vulnerability {unknown}
Potions
 g - a potion of attraction {unknown}
 h - a potion of resistance {unknown}


   Skills:
 + Level 4.0 Fighting
 + Level 3.3 Axes
 + Level 3.6 Armour
 + Level 3.6 Shields


You had 2 spell levels left.
You didn't know any spells.
Your spell library contained the following spells:

 Spells                   Type           Power      Damage    Failure   Level
 Beastly Appendage        Tmut           0%         N/A       85%         1
 Sandblast                Erth           0%         2d4       85%         1
 Passwall                 Tmut/Erth      0%         N/A       94%         2
 Wereblood                Tmut           0%         N/A       94%         2
 Dazzling Flash           Conj/Hex       0%         N/A       99%         3
 Spider Form              Tmut/Pois      0%         N/A       99%         3
 Stone Arrow              Conj/Erth      0%         3d7       99%         3
 Iskenderun's Mystic Bla  Conj/Tloc      0%         2d3       100%        4
 Starburst                Conj/Fire      0%         6d3       100%        6


Dungeon Overview and Level Annotations

Branches:
Dungeon (2/15)

Altars:
Qazlal

Annotations:
D:2 Terence


Message History

You open the door.
Found a stone staircase leading down.
There is an open door here.
There is a stone staircase leading down here.
You open the door.
Terence and a worm come into view.
Terence is wielding a +2 trident of protection.
Terence shouts!
Terence drinks a potion.
Terence seems to speed up.
You hit the worm.
The worm is lightly wounded.
Terence hits you from afar with a +2 trident of protection. x2
You slash the worm!
The worm is severely wounded.
Terence barely misses you. You block Terence's attack. The worm bites you!
You are too injured to fight recklessly!
You are too injured to fight recklessly!
You are too injured to fight recklessly!
Unknown command.
You feel very mighty all of a sudden. Terence closely misses you.
Terence barely misses you. The worm bites you!
* * * LOW HITPOINT WARNING * * *
You are too injured to fight recklessly!
You are too injured to fight recklessly!
You barely miss the worm.
The worm is severely wounded.
Terence hits you but does no damage.
Terence hits you from afar with a +2 trident of protection.
* * * LOW HITPOINT WARNING * * *
The worm closely misses you.
You hit the worm.
The worm is severely wounded.
Terence hits you from afar with a +2 trident of protection.
* * * LOW HITPOINT WARNING * * *
Terence closely misses you.
You slash the worm!
You kill the worm!
Qazlal accepts your kill.
Terence hits you from afar with a +2 trident of protection!
You die...

#.....#######.
###'#().......
#.#.########
#.#.# ####+#.#
#......#######
#............#
#.....######.#
#.....'.>.@'.#
#.....######@#
#.....# #
#.....######
#.>........#
###........##
#.........#
#.........#
#######..(#


You could see Terence (fast).

Vanquished Creatures
  A worm (D:2)
  A dart slug (D:2)
  2 endoplasms
  2 giant cockroaches (D:1)
  4 goblins
  6 hobgoblins (D:1)
  2 kobolds
  A quokka (D:1)
  A bat (D:1)
  A frilled lizard (D:1)
  2 rats
23 creatures vanquished.

Notes
Turn   | Place    | Note
-------+----------+-------------------------------------------
     0 | D:1      | Aibolit the Hill Orc Fighter began the quest for the Orb.
     0 | D:1      | Reached XP level 1. HP: 19/19 MP: 1/1
   139 | D:1      | Found a faded altar of an unknown god.
   168 | D:1      | Prayed at the altar of an unknown god.
   168 | D:1      | Became a worshipper of Qazlal Stormbringer
   168 | D:1      | Reached * piety under Qazlal
   272 | D:1      | Reached XP level 2. HP: 27/27 MP: 2/2
   630 | D:1      | Reached skill level 4 in Fighting
   774 | D:2      | Reached XP level 3. HP: 27/33 MP: 3/3
   895 | D:2      | Noticed Terence
   901 | D:2      | Slain by Terence

Illustrated notes

Levels and vault maps discovered:
D:1:      evilmike_arrival_home_sweet_home, layout_basic,
          ebering_ecumenical_altar_hall
D:2:      layout_basic, basic_altar, kennysheep_generic_room_6, uniq_terence

Skill      XL: |  1  2 |
---------------+-------+-----
Axes           | 3 |  3.3
Fighting       | 4 |  4.0
Armour         | |  3.6
Shields        | |  3.6

Action                   || total
-------------------------++-------
Melee: War axe           ||    52
  Use: Potion            ||     1
Armor: Scale mail        ||    17
Dodge: Dodged            ||    23
Block: Buckler           ||     9
